 Dungeon Crawl Stone Soup version 0.31-a0-187-gba352fbbf7 (webtiles) character file.

Game seed: 7597437295211664065

294 qw the Skirmisher (level 6, -3/35 HPs)
             Began as a Deep Elf Hunter on June 22, 2023.
             Slain by an orc priest
             ... wielding a +0 trident
              (8 damage)
             ... on level 4 of the Dungeon.
             The game lasted 00:01:28 (2676 turns).

qw the Skirmisher (Deep Elf Hunter)                 Turns: 2676, Time: 00:01:28

Health: -3/35      AC:  5    Str: 10    XL:     6   Next: 11%
Magic:  8/8        EV: 11    Int: 14    God:
Gold:   121        SH:  0    Dex: 18    Spells: 5/5 levels left

rFire   . . .        Y - +1 shortbow
rCold   . . .        (shield currently unavailable)
rNeg    . . .        g - +0 ring mail
rPois   .            (no helmet)
rElec   .            (no cloak)
rCorr   .            (no gloves)
SInv    .            (no boots)
Will    .....        (no amulet)
Stlth   +            (no ring)
HPRegen 0.25/turn    (no ring)
MPRegen 0.11/turn

%: no passive effects
@: about to teleport
A: no striking features
a: no special abilities


You were on level 4 of the Dungeon.
You visited 1 branch of the dungeon, and saw 4 of its levels.

You collected 121 gold pieces.


   Skills:
 - Level 2.1 Fighting
 + Level 9.5 Ranged Weapons
 - Level 2.4 Dodging
 - Level 1.2 Stealth


You had 5 spell levels left.
You didn't know any spells.
Your spell library was empty.

Inventory:

Hand Weapons
 Y - a +1 shortbow (weapon)
Armour
 g - a +0 ring mail (worn)
Scrolls
 h - 2 scrolls of identify
 i - 2 scrolls of teleportation
Potions
 a - a potion of resistance
 b - a potion of curing {unknown}
 c - 2 potions of brilliance {unknown}
 e - a potion of mutation {unknown}
 f - a potion of cancellation {unknown}
 j - a potion of ambrosia {unknown}
 k - a potion of haste {unknown}
 l - a potion of invisibility {unknown}

Dungeon Overview and Level Annotations

Branches:
Dungeon (4/15)
 Temple: D:4-7

Altars:
Ru
Sif Muna
Yredelemnul


Message History

You shoot an arrow.
The arrow hits the orc but does no damage.
The orc is heavily wounded.
The orc closely misses you.
You shoot an arrow. The arrow barely misses the orc.
The arrow hits the orc priest.
The orc priest is heavily wounded.
The orc closely misses you.
You shoot an arrow. The arrow hits the orc.
You kill the orc!
You shoot an arrow. The arrow hits the orc priest.
The orc priest is severely wounded.
The orc priest mumbles some strange prayers to Beogh against you.
Beogh smites you! The orc priest barely misses you.
The orc priest closely misses you.
You shoot an arrow.
The arrow closely misses the orc priest.
The arrow hits the orc!
You kill the orc!
The orc priest closely misses you.
The orc priest hits you with a +0 short sword.
You shoot an arrow.
The arrow completely misses the orc priest.
The orc priest looks encouraged for a moment.
The orc priest barely misses you.
You shoot an arrow. The arrow hits the orc priest.
You kill the orc priest!
The orc priest hits you but does no damage.
You have reached level 6!
You shoot an arrow. The arrow hits the orc priest!
The orc priest is heavily wounded.
The orc priest hits you from afar with a +0 trident.
You shoot an arrow.
The arrow closely misses the orc priest.
The orc priest hits you from afar with a +0 trident.
2676 ||| READING 3 scrolls of teleportation.
As you read the scroll of teleportation, it crumbles to dust.
You feel strangely unstable.
The orc priest hits you from afar with a +0 trident!
You die...

#.#######.# #.##.#.#
#.........# #......###
########### ####.###~#
...# #.# ~# #.###
#.###~##
#####...####.##.~.###
#...............~...#
#.###...####....~....#
#@#####...######.# #)#
#.....# # ...o..o)#
##...## ###o#####
##..# #..######.
#......... ##'#######.
##...## ##.....##


You could see an orc priest.

Vanquished Creatures
  A hound (D:3)
  An orc priest (D:4)
  A jelly (D:4)
  Jessica (D:3)
  An orc wizard (D:4)
  4 gnolls (D:4)
  5 adders
  9 orcs
  6 ball pythons
  9 bats
  5 endoplasms
  5 giant cockroaches
  A hobgoblin (D:3)
  6 quokkas
  4 frilled lizards
  5 goblins
  A kobold (D:1)
  2 rats
67 creatures vanquished.

Notes
Turn   | Place    | Note
-------+----------+-------------------------------------------
     0 | D:1      | qw the Deep Elf Hunter began the quest for the Orb.
     0 | D:1      | Reached XP level 1. HP: 12/12 MP: 3/3
     0 | D:1      | 0 ||| qw: Version: 0.3-a-9-g12657ce
     0 | D:1      | 0 ||| qw: Game counter: 2039
     0 | D:1      | 0 ||| qw: Always use a shield: true
     0 | D:1      | 0 ||| qw: God list: Okawaru
     0 | D:1      | 0 ||| qw: Allow faded altars: false
     0 | D:1      | 0 ||| qw: Do Orc after D:15 true
     0 | D:1      | 0 ||| qw: Do second Lair branch before Depths: true
     0 | D:1      | 0 ||| qw: Lair rune preference: random
     0 | D:1      | 0 ||| qw: Plans: Normal
     0 | D:1      | 0 ||| PLANNING D:1-11
   156 | D:1      | Reached skill level 6 in Ranged Weapons
   156 | D:1      | Reached XP level 2. HP: 16/16 MP: 4/4
   699 | D:1      | Found a sacrificial altar of Ru.
   707 | D:1      | 707 ||| UPGRADING to +0 ring mail.
   717 | D:1      | 717 ||| DROPPING +0 leather armour.
   718 | D:1      | 718 ||| READING scroll labelled QUEDIOZX EHEY.
   719 | D:1      | 719 ||| READING scroll labelled JABEOF VOOV.
   724 | D:1      | 724 ||| DRINKING 2 yellow potions.
   726 | D:1      | 726 ||| DROPPING scroll of butterflies.
   729 | D:1      | 729 ||| DROPPING potion of attraction.
   914 | D:2      | You fall into a shaft and drop 1 floor!
   980 | D:2      | Reached XP level 3. HP: 20/20 MP: 5/5
  1223 | D:2      | Found a faded altar of an unknown god.
  1223 | D:2      | Noticed a Tzitzimitl
  1224 | D:2      | 1224 ||| READING scroll labelled QERYNI HUMIE.
  1225 | D:2      | 1225 ||| READING scroll labelled MIECU WYIPP.
  1416 | D:3      | 1416 ||| STAIRDANCE
  1424 | D:2      | Reached skill level 7 in Ranged Weapons
  1476 | D:3      | 1476 ||| STAIRDANCE
  1515 | D:3      | 1515 ||| STAIRDANCE
  1515 | D:3      | Noticed Jessica
  1534 | D:3      | 1534 ||| STAIRDANCE
  1574 | D:3      | Killed Jessica
  1575 | D:3      | Reached XP level 4. HP: 25/25 MP: 6/6
  1628 | D:3      | Found a basalt altar of Yredelemnul.
  1770 | D:3      | Reached skill level 8 in Ranged Weapons
  2013 | D:3      | Found a shimmering blue altar of Sif Muna.
  2016 | D:3      | 2016 ||| READING scroll labelled YPESSU RYENKEI.
  2017 | D:3      | 2017 ||| DRINKING 2 metallic grey potions.
  2018 | D:3      | 2018 ||| READING 2 scrolls of identify.
  2018 | D:3      | 2018 ||| IDENTIFYING fuming black potion
  2090 | D:4      | Reached XP level 5. HP: 29/29 MP: 7/7
  2310 | D:4      | Reached skill level 9 in Ranged Weapons
  2580 | D:4      | HP: 5/30 [orc wizard/magic dart (6)]
  2581 | D:4      | 2581 ||| READING 4 scrolls of teleportation.
  2582 | D:4      | 2582 ||| DRINKING potion of heal wounds.
  2666 | D:4      | 2666 ||| Stepping ~*~*~tactically~*~*~ (outnumbered).
  2674 | D:4      | Reached XP level 6. HP: 17/35 MP: 8/8
  2675 | D:4      | HP: 5/35 [orc priest/+0 trident (6)]
  2676 | D:4      | 2676 ||| READING 3 scrolls of teleportation.
  2676 | D:4      | Slain by an orc priest

Levels and vault maps discovered:
D:1:      dpeg_arrival_lava_altar, layout_basic
D:2:      layout_basic, dreamdust_ecumenical_altar_sealed_demon,
          kennysheep_decorative_pillar
D:3:      layout_rooms, mainiacjoe_overflow_24_doors, led_sif_pool,
          minmay_between, uniq_jessica
D:4:      layout_loops_corners, serial_rivers, chequers_serial_rivers_micro_c,
          chequers_serial_rivers_small_3, chequers_serial_rivers_micro_c,
          chequers_serial_rivers_micro_b, chequers_serial_rivers_room_a,
          uniq_pikel

Skill      XL: |  1  2  3  4  5 |
---------------+----------------+-----
Ranged Weapons | 6 7 8 9 |  9.5
Fighting       | 2 |  2.1
Dodging        | |  2.4
Stealth        | |  1.2

Action                     |  1- 3 |  4- 6 || total
---------------------------+-------+-------++-------
   Fire: Shortbow          |    80 |   142 ||   222
    Use: Scroll            |     4 |     4 ||     8
         Potion            |     1 |     2 ||     3
 Armour: Leather armour    |     2 |       ||     2
         Ring mail         |    14 |    15 ||    29
  Dodge: Dodged            |    21 |    34 ||    55

Table legend:
 A = Non-vault XP
 B = Vault XP
 C = Vault XP percentage of total XP
 D = Non-vault monster count
 E = Vault monster count
 F = Vault count percentage of total count
                 A         B        C        D         E       F
            +---------+---------+-------+---------+---------+-------
      Total |     365 |      55 |  13.1 |      62 |       5 |   7.5
            +---------+---------+-------+---------+---------+-------
        D:1 |      24 |       0 |   0.0 |      14 |       0 |   0.0
        D:2 |      44 |      13 |  22.8 |      11 |       1 |   8.3
        D:3 |      69 |      42 |  37.8 |      16 |       4 |  20.0
        D:4 |     228 |       0 |   0.0 |      21 |       0 |   0.0
            +---------+---------+-------+---------+---------+-------
